 Dungeon Crawl Stone Soup version 0.30-a0-913-g9934a0ce24 (webtiles) character file.

Game seed: 9653776803563976189

207 Lobster4 the Ducker (level 6, -2/46 HPs)
             Began as a Djinni Gladiator on Mar 19, 2023.
             Slain by a lemure (3 damage)
             ... led by Pikel
             ... on level 4 of the Dungeon.
             The game lasted 00:09:22 (3079 turns).

Lobster4 the Ducker (Djinni Gladiator)              Turns: 3079, Time: 00:09:22

Health: -2/46      AC:  5    Str: 18    XL:     6   Next: 10%
Gold:   233        EV: 13    Int: 12    God:
                   SH:  0    Dex: 14

rFire   + + .      SeeInvis .    C - +1 whip of Purpose {flame, Str+5}
rCold   x . .      Faith    .    (no shield)
rNeg    . . .      Spirit   .    r - +0 leather armour
rPois   ∞          Reflect  .    c - +1 helmet
rElec   .          Rampage  .    (no cloak)
rCorr   +                        (no gloves)
Will    .....                    (boots unavailable)
Stlth   +                        (no amulet)
HPRegen 0.27/turn                t - ring of resist corrosion
MPRegen 0.00/turn                (no ring)

@: attractive, flying
A: sickness immunity, fire resistance 2, cold vulnerability 1, float, innate
caster, HP casting, extra vitality 1
a: no special abilities


You were on level 4 of the Dungeon.
You visited 1 branch of the dungeon, and saw 4 of its levels.

You collected 233 gold pieces.

Inventory:

Hand Weapons
 a - a +0 quarterstaff
 i - a +0 falchion
 j - a +0 short sword
 k - a +0 hand axe
 n - a +1 dagger of holy wrath
 u - a +0 sling
 y - a +3 scimitar
 C - the +1 whip of Purpose (weapon) {flame, Str+5}
   (You found it on level 3 of the Dungeon)

   Str:       It affects your strength (+5).
Missiles
 d - 2 throwing nets
 e - a javelin
 p - 5 poisoned darts (quivered)
 A - 8 stones
Armour
 b - a +0 leather armour
 c - a +1 helmet (worn)
 r - a +0 leather armour (worn)
Jewellery
 t - a ring of resist corrosion (left hand)
Scrolls
 f - a scroll of immolation
 z - a scroll of torment {unknown}
Potions
 q - a potion of mutation {unknown}
 s - a potion of attraction
 v - a potion of lignification {unknown}
 w - a potion of brilliance
 x - a potion of magic
 B - a potion of flight {unknown}


   Skills:
 + Level 3.1 Fighting
 + Level 3.4 Staves
 + Level 2.6 Throwing
 + Level 2.1 Armour
 + Level 4.2 Dodging


You knew the following spells:

 Your Spells              Type           Power      Damage    Failure   Level
a - Scorch                Fire           0%         2d5       52%         2
b - Apportation           Tloc           0%         N/A       36%         1
Your spell library was empty.

Dungeon Overview and Level Annotations

Branches:
Dungeon (4/15)
 Temple: D:4-7

Altars:
Wu Jian

Annotations:
D:3 1 runed translucent door, Terence; gagnic4's ghost, amateur MiWn
D:4 Pikel


Innate Abilities, Weirdness & Mutations

You are immune to sickness and miasma.
You are immune to poison.
Your flesh is very heat resistant. (rF++)
You are vulnerable to cold. (rC-)
You float through the air rather than walking.
You learn spells naturally, not from books.
Your magical power is your life essence.
You have superior vitality. (+4 MHP)


Message History

The lemure hits you! The lemure hits you.
Okay, then.
Okay, then.
You hit Pikel but do no damage.
Pikel zaps a wand.
The puff of flame hits you. You resist. The lemure misses you.
The lemure closely misses you.
As you read the scroll labelled VEAWOPNA DOCA, it crumbles to dust.
It is a scroll of enchant armour.
Your +0 helmet glows green for a moment.
Pikel completely misses you. The lemure hits you. x2
The air fills with toxic fumes!
As you read the scroll labelled WODEIHISYZ, it crumbles to dust.
It was a scroll of poison.
Pikel checks his coin pouch and frowns.
Pikel closely misses you. The lemure barely misses you. The lemure hits you.
Okay, then.
It was a potion of attraction.
You feel attractive to monsters. Pikel completely misses you.
The lemure hits you! The lemure barely misses you.
It was a potion of heal wounds.
You feel much better.
Pikel zaps a wand.
The puff of flame hits you. You resist. The lemure hits you. x2
You barely miss Pikel.
Pikel hits you with a +2 whip of flaming.
The lemure barely misses you. The lemure misses you.
You hit Pikel. You burn Pikel.
Pikel is lightly wounded.
Pikel hits you with a +2 whip of flaming.
The lemure hits you but does no damage. The lemure barely misses you.
You hit Pikel but do no damage.
Pikel is lightly wounded.
Pikel hits you with a +2 whip of flaming.
* * * LOW HITPOINT WARNING * * *
Pikel burns you.
* * * LOW HITPOINT WARNING * * *
The lemure barely misses you. The lemure hits you.
* * * LOW HITPOINT WARNING * * *
It was a potion of magic.
Magic washes over you without effect.
Pikel hits you with a +2 whip of flaming!
* * * LOW HITPOINT WARNING * * *
The lemure barely misses you. The lemure hits you.
You die...

##### #§55# #@#
#K# #.# #55 ..#
#### #.# ###
###.# #.. ..#.#
#.# #.#.# #
####.# #.#.# #
###.##.####.#.###


You could see Pikel and 4 lemures.

Vanquished Creatures
  Jessica (D:2)
  5 adders
  4 gnolls (D:3)
  An ufetubus (D:3)
  2 worms (D:2)
  A dart slug (D:4)
  3 ball pythons
  11 endoplasms
  6 giant cockroaches
  11 goblins
  6 hobgoblins
  4 jackals (D:2)
  4 quokkas
  7 bats
  4 frilled lizards
  8 kobolds
  A rat (D:1)
79 creatures vanquished.

Notes
Turn   | Place    | Note
-------+----------+-------------------------------------------
     0 | D:1      | Lobster4 the Djinni Gladiator began the quest for the Orb.
     0 | D:1      | Reached XP level 1. HP: 18/18 MP: 0/0
   200 | D:1      | Reached XP level 2. HP: 23/23 MP: 0/0
   802 | D:2      | Reached XP level 3. HP: 26/28 MP: 0/0
   802 | D:2      | Learned a level 1 spell: Apportation
   930 | D:2      | Reached skill level 1 in Armour
   983 | D:2      | Noticed Jessica
   992 | D:2      | Killed Jessica
   993 | D:2      | Reached XP level 4. HP: 34/34 MP: 0/0
  1256 | D:2      | Reached XP level 5. HP: 39/39 MP: 0/0
  1256 | D:2      | Learned a level 2 spell: Scorch
  1323 | D:2      | Found a faded altar of an unknown god.
  1498 | D:2      | Reached skill level 4 in Dodging
  1883 | D:3      | Found a runed translucent door.
  2003 | D:3      | Identified the +1 whip of Purpose {flame, Str+5}
  2015 | D:3      | Noticed Terence
  2237 | D:3      | Noticed gagnic4's ghost (amateur MiWn)
  2651 | D:4      | Reached XP level 6. HP: 46/46 MP: 0/0
  2927 | D:4      | Found an ornate altar of the Wu Jian Council.
  2981 | D:4      | Noticed an ogre
  3070 | D:4      | Noticed Pikel
  3079 | D:4      | HP: 1/46 [Pikel/+2 whip of flaming (9)]
  3079 | D:4      | Slain by a lemure

Illustrated notes

Levels and vault maps discovered:
D:1:      dpeg_arrival_long_road, layout_basic, minmay_tetromino_t4
D:2:      cheibrodos_helix_gallery, layout_basic,
          dreamdust_ecumenical_altar_statues, uniq_jessica
D:3:      layout_basic, gammafunk_ghost_grave, minmay_ruptured, uniq_terence
D:4:      minmay_recursive_quarters, layout_loops_corners,
          nzn_wu_jian_council_hall, minmay_distorted, uniq_crazy_yiuf_cottage,
          uniq_pikel, uniq_duvessa

Skill      XL: |  1  2  3  4  5 |
---------------+----------------+-----
Armour         | 1 2 |  2.1
Staves         | 3 |  3.4
Throwing       | 2 |  2.6
Dodging        | 4 |  4.2
Fighting       | 3 |  3.1

Action                     |  1- 3 |  4- 6 || total
---------------------------+-------+-------++-------
  Melee: Quarterstaff      |   103 |    94 ||   197
         Whip              |       |    46 ||    46
         Punch             |       |     1 ||     1
  Throw: Stone             |    20 |     2 ||    22
         Throwing net      |     1 |     2 ||     3
         Dart              |       |     6 ||     6
         Javelin           |       |     3 ||     3
    Use: Scroll            |       |     6 ||     6
         Potion            |       |     3 ||     3
 Armour: Leather armour    |    50 |    29 ||    79
  Dodge: Dodged            |    90 |   108 ||   198

Table legend: (Time is in decaauts)
 A = Elapsed time spent in this place.
 B = Non-inter-level travel time spent in this place.
 C = Inter-level travel time spent in this place.
 D = Time resting spent in this place.
 E = Time spent auto-exploring this place.
 F = Levels seen in this place.
 G = Mean time per level.
                   A        B        C        D        E       F      G
               +--------+--------+--------+--------+--------+-----+--------+
         Total |   3108 |   3056 |     52 |     73 |   2265 |   4 |  777.0 |
       Dungeon |   3108 |   3056 |     52 |     73 |   2265 |   4 |  777.0 |
               +--------+--------+--------+--------+--------+-----+--------+

Top non-repeatable levels by time:
     D:3: 947 daAuts
     D:2: 919 daAuts
     D:1: 801 daAuts
     D:4: 441 daAuts
